 Dungeon Crawl Stone Soup version 0.29.0-4-gdea44cf6ec (webtiles) character file.

Game seed: 15679964687389250978

51 qw the Shield-Bearer (level 3, -4/23 HPs)
             Began as a Gargoyle Fighter on Sept 9, 2022.
             Slain by a gnoll
             ... wielding a +0 spear
              (6 damage)
             ... on level 2 of the Dungeon.
             The game lasted 00:00:29 (1412 turns).

qw the Shield-Bearer (Gargoyle Fighter)             Turns: 1412, Time: 00:00:29

Health: -4/23      AC: 10    Str: 21    XL:     3   Next: 81%
Magic:  0/3        EV:  5    Int:  8    God:
Gold:   45         SH: 11    Dex:  9    Spells: 2/2 levels left

rFire   . . .      SeeInvis .   Y - +0 war axe
rCold   . . .      Faith    .   f - +0 tower shield
rNeg    + . .      Spirit   +   b - +0 scale mail
rPois   inf        Reflect  .   (no helmet)
rElec   +          Harm     .   (no cloak)
rCorr   .          Rampage  .   (no gloves)
Will    .....                   (no boots)
Stlth   ..........              n - amulet of guardian spirit
HPRegen 0.07/turn               (no ring)
MPRegen 0.08/turn               (no ring)

@: brilliant
A: sickness immunity, AC +3, negative energy resistance 1, electricity
resistance, torment resistance 1, petrification resistance
a: no special abilities


You were on level 2 of the Dungeon.
You visited 1 branch of the dungeon, and saw 2 of its levels.

You collected 45 gold pieces.


Innate Abilities, Weirdness & Mutations

You are immune to sickness and miasma.
Your stone body is resilient. (AC +3)
You are immune to poison.
You resist negative energy. (rN+)
You are resistant to electric shocks. (rElec)
You are resistant to unholy torment.
You are immune to petrification.


   Skills:
 - Level 3.2 Fighting
 - Level 3.2 Axes
 - Level 3.2 Armour
 + Level 3.9 Shields


You had 2 spell levels left.
You didn't know any spells.
Your spell library was empty.

Inventory:

Hand Weapons
 g - a +0 club
 Y - a +0 war axe (weapon)
Armour
 b - a +0 scale mail (worn)
 f - a +0 tower shield (worn)
Jewellery
 n - an amulet of guardian spirit (around neck)
Potions
 d - a potion of might
 e - a potion of lignification {unknown}
 h - a potion of degeneration {unknown}
 l - a potion of cancellation {unknown}

Dungeon Overview and Level Annotations

Branches:
Dungeon (2/15)

Altars:


Message History

(2) D:1 Assign waypoint to what number? (0-9, D - delete waypoint) Waypoint 1 assigned to D:2.
Enter note:
Found 14 gold pieces.
You slash the gnoll!
The gnoll is severely wounded.
You block the gnoll's attack. The gnoll hits you with a +0 whip.
You slash the gnoll!
You kill the gnoll!
You slash the gnoll! The gnoll hits you but does no damage.
The gnoll barely misses you.
You block the gnoll's attack. x2; The gnoll hits you but does no damage.
You hit the gnoll.
You kill the gnoll!
You hit the ball python.
The ball python bites you but does no damage.
The ball python grabs you. The ball python constricts you.
The gnoll barely misses you. The gnoll hits you but does no damage.
The ball python bites you but does no damage.
The ball python constricts you. You block the gnoll's attack.
The gnoll hits you from afar with a +0 spear.
You slash the ball python!
You kill the ball python!
You slash the ball python!
You kill the ball python!
The gnoll hits you from afar with a +0 spear.
The gnoll hits you but does no damage. You block the gnoll's attack.
You block the hobgoblin's attack.
The gnoll hits you from afar with a +0 spear.
The endoplasm hits you but does no damage.
You slash the endoplasm!
You kill the endoplasm!
You closely miss the hobgoblin.
The gnoll hits you from afar with a +0 spear.
You block the gnoll's attack. The hobgoblin hits you.
You slash the hobgoblin!
You kill the hobgoblin!
The gnoll hits you from afar with a +0 spear.
You die...

##.............
...............
##..............
...............
#.............
####...g......!.
.....g).%.#.....
####.)@##.....g
$.......<.......
.####...........
#...!..##......
......?. ......
##...... #####
........
.#.##.... #. #..


You could see 2 gnolls.

Vanquished Creatures
  3 gnolls
  A dart slug (D:1)
  A bat (D:1)
  5 endoplasms
  A giant cockroach (D:1)
  2 goblins (D:1)
  A hobgoblin (D:2)
  3 ball pythons
  3 frilled lizards (D:1)
  A kobold (D:1)
  A rat (D:1)
22 creatures vanquished.

Notes
Turn   | Place    | Note
-------+----------+-------------------------------------------
     0 | D:1      | qw the Gargoyle Fighter began the quest for the Orb.
     0 | D:1      | Reached XP level 1. HP: 14/14 MP: 1/1
     0 | D:1      | 0 ||| qw: Version: 0.1-a-113-g051387a
     0 | D:1      | 0 ||| qw: Game counter: 7120
     0 | D:1      | 0 ||| qw: Always use a shield: true
     0 | D:1      | 0 ||| qw: God list: Okawaru
     0 | D:1      | 0 ||| qw: Allow faded altars: false
     0 | D:1      | 0 ||| qw: Do Orc after D:15 true
     0 | D:1      | 0 ||| qw: Do second Lair branch before Depths: true
     0 | D:1      | 0 ||| qw: Lair rune preference: random
     0 | D:1      | 0 ||| qw: Plans: Normal, Zot, God:TSO, Crypt, Tomb, Zig,
                  | Orb
     0 | D:1      | 0 ||| PLANNING D:1-11
    71 | D:1      | 71 ||| Stepping ~*~*~tactically~*~*~ (hiding).
    73 | D:1      | 73 ||| Stepping ~*~*~tactically~*~*~ (hiding).
    81 | D:1      | Reached XP level 2. HP: 11/19 MP: 2/2
   536 | D:1      | Reached skill level 3 in Axes
   664 | D:1      | Reached XP level 3. HP: 23/23 MP: 3/3
  1256 | D:1      | 1256 ||| UPGRADING to +0 tower shield.
  1266 | D:1      | 1266 ||| DROPPING +0 buckler.
  1267 | D:1      | 1267 ||| UPGRADING to amulet of guardian spirit.
  1272 | D:1      | 1272 ||| READING scroll labelled NUASTRAOMU.
  1373 | D:1      | 1373 ||| READING scroll labelled CUWKOSHUUMY.
  1374 | D:1      | 1374 ||| READING scroll labelled UQIECH LOZOP.
  1379 | D:1      | 1379 ||| DRINKING 2 sedimented red potions.
  1380 | D:1      | 1380 ||| DROPPING potion of brilliance.
  1411 | D:2      | HP: 4/23 [gnoll/+0 spear (3)]
  1412 | D:2      | Slain by a gnoll

Levels and vault maps discovered:
D:1:      psy_arrival_dodecagon, layout_basic, st_stairs_1
D:2:      layout_rooms, shapermc_ecumenical_altar_mp_urbaneastern,
          nicolae_elevator_lobby_plus

Skill      XL: |  1  2 |
---------------+-------+-----
Axes           | 2 3 |  3.2
Fighting       | |  3.2
Armour         | |  3.2
Shields        | |  3.9

Action                   || total
-------------------------++-------
Melee: War axe           ||    61
  Use: Scroll            ||     3
       Potion            ||     1
Armor: Scale mail        ||    24
Dodge: Dodged            ||    25
Block: Buckler           ||    11
       Tower shield      ||     7

Table legend:
 A = Non-vault XP
 B = Vault XP
 C = Vault XP percentage of total XP
 D = Non-vault monster count
 E = Vault monster count
 F = Vault count percentage of total count
                 A         B        C        D         E       F
            +---------+---------+-------+---------+---------+-------
      Total |      73 |       2 |   2.7 |      20 |       2 |   9.1
            +---------+---------+-------+---------+---------+-------
        D:1 |      39 |       2 |   4.9 |      14 |       2 |  12.5
        D:2 |      34 |       0 |   0.0 |       6 |       0 |   0.0
            +---------+---------+-------+---------+---------+-------
